 Dungeon Crawl Stone Soup version 0.30.1-9-gdf580d7c3d (webtiles) character file.

Game seed: 4447036386083069565

20213 Amplified the Protected (level 12, -8/108 HPs)
             Began as a Minotaur Hedge Wizard on Sept 27, 2023.
             Was a High Priest of Okawaru.
             Mangled by a sun demon (14 damage)
             ... summoned by a kobold demonologist
             ... on level 12 of the Dungeon.
             The game lasted 00:19:38 (13353 turns).

Amplified the Protected (Minotaur Hedge Wizard)    Turns: 13353, Time: 00:19:39

Health: -8/108     AC: 11    Str: 24    XL:     12   Next: 43%
Magic:  10/15      EV: 16    Int: 21    God:    Okawaru [*****.]
Gold:   832        SH: 20    Dex: 17    Spells: 12/15 levels left

rFire   . . .        r - +4 whip (elec)
rCold   . . .        g - +3 tower shield
rNeg    . . .        C - +4 robe of Augmentation {Str+4 Int+4 Dex+4}
rPois   +            c - +0 hat
rElec   +            n - +0 cloak
rCorr   .            (no gloves)
SInv    .            b - +2 pair of boots of Faosooca {rElec rPois Dex+3}
Will    .....        j - amulet of faith
Stlth   ++           h - +6 ring of intelligence
HPRegen 0.38/turn    a - +4 ring of slaying
MPRegen 0.14/turn

%: faith
@: finesse-ful, on berserk cooldown, slowed, very slow
A: horns 2, retaliatory headbutt
a: Renounce Religion, Heroism, Finesse, Duel


You were on level 12 of the Dungeon.
You worshipped Okawaru.
Okawaru was extremely pleased with you.
You visited 3 branches of the dungeon, and saw 15 of its levels.

You collected 832 gold pieces.

Inventory:

Hand Weapons
 r - a +4 whip of electrocution (weapon)
 J - the +6 quarterstaff "Qiatigeps" {heavy, rC+ Str+6}
   (You found it on level 10 of the Dungeon)

   Str:       It affects your strength (+6).
   rC:        It protects you from cold.
Armour
 b - the +2 pair of boots of Faosooca (worn) {rElec rPois Dex+3}
   (Okawaru gifted it to you on level 12 of the Dungeon)

   Dex:       It affects your dexterity (+3).
   rElec:     It insulates you from electricity.
   rPois:     It protects you from poison.
 c - a +0 hat (worn)
 g - a +3 tower shield (worn)
 n - a +0 cloak (worn)
 C - the +4 robe of Augmentation (worn) {Str+4 Int+4 Dex+4}
   (You found it on level 9 of the Dungeon)

   Str:       It affects your strength (+4).
   Int:       It affects your intelligence (+4).
   Dex:       It affects your dexterity (+4).
 D - a +0 robe of resistance
Jewellery
 a - a +4 ring of slaying (right hand)
 h - a +6 ring of intelligence (left hand)
 j - an amulet of faith (around neck)
 u - a ring of positive energy
 v - an amulet of reflection
 I - a ring of see invisible
Wands
 e - a wand of roots (7)
 q - a wand of digging (12)
 t - a wand of light (8) (quivered)
 y - a wand of polymorph (3)
 G - a wand of paralysis (3)
 K - a wand of flame (28)
Scrolls
 i - 2 scrolls of fog
 w - 3 scrolls of amnesia
Potions
 d - 2 potions of magic
 f - a potion of flight
 k - a potion of resistance {unknown}
 l - 2 potions of mutation
 m - a potion of degeneration
 s - a potion of ambrosia
 x - a potion of brilliance
 z - a potion of lignification
 A - 3 potions of curing
 B - 4 potions of attraction
 F - 2 potions of cancellation {unknown}


   Skills:
 * Level 10.8 Fighting
 * Level 10.5 Maces & Flails
 * Level 10.8 Armour
 * Level 10.2 Dodging
 - Level 1.5 Stealth
 * Level 10.7 Shields
 - Level 2.1 Spellcasting
 - Level 0.6 Conjurations
 - Level 0.6 Summonings
 - Level 1.2 Translocations
 * Level 5.6 Invocations


You had 12 spell levels left.
You knew the following spells:

 Your Spells              Type           Power      Damage    Failure   Level
a - Magic Dart            Conj           16%        1d3       36%         1
b - Lesser Beckoning      Tloc           14%        N/A       38%         2

Your spell library contained the following spells:

 Spells                   Type           Power      Damage    Failure   Level
 Blink                    Tloc           14%        N/A       38%         2
 Slow                     Hex            8%         N/A       43%         1
 Momentum Strike          Conj/Tloc      12%        3d8       45%         2
 Cigotuvi's Dreadful Rot  Necr/Pois/Air  4%         N/A       58%         2
 Ensorcelled Hibernation  Hex/Ice        4%         N/A       58%         2
 Passwall                 Tmut/Erth      1%         N/A       58%         2
 Gell's Gravitas          Tloc           7%         N/A       63%         3
 Teleport Other           Tloc           7%         N/A       63%         3
 Hailstorm                Conj/Ice       3%         3d3       77%         3
 Mephitic Cloud           Conj/Pois/Air  3%         N/A       80%         3
 Swiftness                Air            2%         N/A       82%         3
 Ice Form                 Ice/Tmut       2%         N/A       99%         4
 Call Imp                 Summ           Unusable   N/A       N/A         2
 Simulacrum               Ice/Necr       Unusable   N/A       N/A         6

Dungeon Overview and Level Annotations

Branches:
Dungeon (12/15)            Temple (1/1) D:5            Lair (2/5) D:9
    Orc (0/2) D:10
  Swamp: Lair:2-3    Shoals: Lair:2-3     Snake: Lair:2-3    Spider: Lair:2-3

Altars:
Ashenzari
Cheibriados
Dithmenos
Elyvilon
Fedhas
Gozag
Hepliaklqana
Kikubaaqudgha
Makhleb
Nemelex Xobeh
Okawaru
Qazlal
Ru
Sif Muna
Trog
Uskayaw
Vehumet
Wu Jian
Xom
Yredelemnul
Zin
The Shining One

Shops:
D:5 :   D:6 =

Annotations:
Lair:2 Harold


Innate Abilities, Weirdness & Mutations

You have a pair of horns on your head.
You reflexively headbutt those who attack you in melee.


Message History

You kill the kobold!
Unknown command.
You whack something! Okawaru accepts your kill.
Reactivating autopickup.
You feel a bit more experienced.
The kobold demonologist casts a spell.
The kobold brigand throws a curare-tipped dart.
The curare-tipped dart closely misses you.
The quasit bites you but does no damage.
The quasit claws you but does no damage.
The quasit closely misses you.
You whack the quasit!
The quasit is almost dead.
Unknown command.
You closely miss the quasit. You headbutt the quasit.
You kill the quasit!
The quasit disappears in a puff of smoke!
Unknown command.
You are no longer berserk.
You are exhausted.
You feel yourself slow down.
The shadow imp disappears in a puff of smoke!
Unknown command.
Unknown command.
Okay, then.
Okay, then.
You feel better.
The kobold demonologist hits you with a +0 dagger.
* * * LOW HITPOINT WARNING * * *
You block the kobold brigand's attack.
The kobold demonologist gestures wildly while chanting.
You block the kobold brigand's attack.
The ice devil hits you but does no damage.
Okay, then.
You can now deal lightning-fast blows.
The sun demon hits you!
* * * LOW HITPOINT WARNING * * *
You are engulfed in flames!
You die...

.......#...4K.#.....#
##.....#...K.##.....#
####'###....K#......#
#......#.....#......# .
+......#...KK#......# ..
.............K..ยง...#...
########.....#..K...'...
#.....###KK..#..
#..######@4..# #..#
#3.)..# #..# #.....# ...#
#.....# ..# #.....#
###...# ####


You could see a sun demon (summoned), an ice devil (summoned), a kobold
demonologist, a kobold brigand and a kobold.

Vanquished Creatures
  Erolcha (D:10)
  2 boulder beetles
  3 two-headed ogres
  Nergalle (Lair:1)
  An ugly thing (D:12)
  A manticore (D:11)
  A cyclops (D:12)
  2 centaur zombies (D:10)
  4 cane toads
  A black mamba (Lair:2)
  2 gargoyles (D:12)
  An unseen horror (D:11)
  2 kobold demonologists
  A komodo dragon (Lair:1)
  3 meliai (D:10)
  A troll (D:10)
  4 blink frogs (Lair:1)
  A wraith (D:10)
  A wyvern (D:11)
  2 shadows
  22 yaks
  A golden eye (D:7)
  A basilisk (D:10)
  4 vampire mosquitoes (D:12)
  3 wargs (D:9)
  An acid dragon (D:11)
  4 water moccasins
  A floating eye (D:9)
  2 orc warriors
  3 ogres
  A wolf (D:9)
  A centaur (D:8)
  6 kobold brigands
  A phantom (D:5)
  Blork the orc (D:6)
  8 bullfrogs
  4 necrophages
  2 scorpions (D:7)
  4 wights (D:10)
  13 killer bees
  6 howler monkeys
  5 hounds
  6 jellies
  A human zombie (D:10)
  A gnoll bouda (D:5)
  9 orc priests
  A sleepcap (D:4)
  2 iguanas
  11 orc wizards
  A howler monkey zombie (D:10)
  8 gnolls
  10 adders
  A shadow imp (D:8)
  2 ufetubi (D:7)
  A worm (D:2)
  3 dart slugs
  38 orcs
  11 ball pythons
  6 bats
  5 endoplasms
  2 giant cockroaches
  15 goblins
  7 hobgoblins
  10 jackals
  22 kobolds
  A rat (D:1)
303 creatures vanquished.

Vanquished Creatures (others)
  An angel (D:7)
  A scorpion (D:5)
2 creatures vanquished.

Grand Total: 305 creatures vanquished

Notes
Turn   | Place    | Note
-------+----------+-------------------------------------------
     0 | D:1      | Amplified the Minotaur Hedge Wizard began the quest for the
                  | Orb.
     0 | D:1      | Reached XP level 1. HP: 14/14 MP: 2/2
   417 | D:1      | Reached XP level 2. HP: 22/22 MP: 4/4
   533 | D:1      | Reached skill level 1 in Fighting
   738 | D:2      | Reached skill level 1 in Armour
   936 | D:2      | Reached skill level 1 in Translocations
   949 | D:2      | Reached skill level 1 in Shields
   949 | D:2      | Reached XP level 3. HP: 23/28 MP: 5/5
  1049 | D:2      | Learned a level 2 spell: Lesser Beckoning
  1709 | D:3      | Reached XP level 4. HP: 31/36 MP: 6/6
  1763 | D:3      | Found a white marble altar of Elyvilon.
  2581 | D:4      | Found a glowing golden altar of the Shining One.
  2611 | D:4      | Reached skill level 1 in Maces & Flails
  2685 | D:4      | Reached XP level 5. HP: 23/42 MP: 7/7
  3268 | D:5      | Entered Level 5 of the Dungeon
  3370 | D:5      | Found a staircase to the Ecumenical Temple.
  3373 | D:5      | Reached XP level 6. HP: 51/51 MP: 8/8
  3449 | Temple   | Entered the Ecumenical Temple
  3678 | D:5      | Found a broken altar of Ashenzari.
  3797 | D:5      | Reached XP level 7. HP: 58/58 MP: 9/9
  3829 | D:5      | Found a sacrificial altar of Ru.
  3869 | D:5      | Found a shimmering blue altar of Sif Muna.
  3889 | D:5      | Found Gaapreg's Book Emporium.
  4562 | D:6      | Found a bloodstained altar of Trog.
  4565 | D:6      | Noticed Blork the orc
  4572 | D:6      | Killed Blork the orc
  4573 | D:6      | You fall into a shaft and drop 3 floors!
  4573 | D:9      | Found the +4 robe of Augmentation {Str+4 Int+4 Dex+4}
  4613 | D:9      | Reached XP level 8. HP: 58/67 MP: 10/10
  4641 | D:9      | Reached skill level 5 in Dodging
  4678 | D:9      | Reached skill level 5 in Fighting
  4678 | D:9      | Reached skill level 5 in Armour
  4779 | D:9      | Reached skill level 5 in Shields
  4967 | D:9      | Found a staircase to the Lair.
  5084 | D:9      | Reached skill level 5 in Maces & Flails
  5223 | D:7      | Noticed Duvessa
  5223 | D:7      | Noticed Dowan
  5248 | D:8      | Reached XP level 9. HP: 58/75 MP: 11/11
  5758 | D:7      | Noticed an angel
  5760 | D:7      | Found a shimmering altar of Xom.
  5761 | D:7      | Found a glowing silver altar of Zin.
  5992 | D:6      | Found Esynag's Jewellery Emporium.
  6380 | D:6      | Reached XP level 10. HP: 81/88 MP: 12/12
  6426 | D:7      | Noticed Maggie
  6428 | D:7      | Maggie changed into Maggie the scorpion
  6428 | D:7      | Noticed Maggie
  6431 | D:7      | Killed Maggie the scorpion
  6437 | D:7      | Found a blossoming altar of Fedhas.
  6505 | D:7      | Dowan changed into Dowan the golden eye
  6505 | D:7      | Noticed Dowan
  7021 | D:7      | Found a radiant altar of Vehumet.
  7096 | D:7      | Duvessa changed into Duvessa the scorpion
  7096 | D:7      | Noticed Duvessa
  7099 | D:7      | Killed Duvessa the scorpion
  7162 | D:7      | Killed Dowan the golden eye
  7224 | D:7      | Killed an angel
  7500 | D:7      | Found an iron altar of Okawaru.
  7518 | D:7      | Became a worshipper of Warmaster Okawaru
  8114 | D:8      | Reached * piety under Okawaru
  8633 | D:9      | Noticed an orange demon
  8863 | D:9      | Noticed a deep elf pyromancer
  8868 | D:9      | a deep elf pyromancer changed into a floating eye
  8871 | D:9      | Reached ** piety under Okawaru
  8872 | D:9      | Reached skill level 1 in Invocations
  9026 | D:10     | Entered Level 10 of the Dungeon
  9064 | D:10     | Noticed Erolcha
  9070 | D:10     | Killed Erolcha
  9125 | D:10     | Noticed a two-headed ogre
  9190 | Lair:1   | Entered Level 1 of the Lair of Beasts
  9201 | Lair:1   | Noticed a cane toad
  9213 | Lair:1   | Killed a cane toad
  9465 | Lair:1   | Noticed a cane toad
  9476 | Lair:1   | Killed a cane toad
  9476 | Lair:1   | Reached *** piety under Okawaru
  9477 | Lair:1   | Reached XP level 11. HP: 97/97 MP: 13/13
  9650 | Lair:1   | Identified the +1 bardiche of Yguetibi {vamp, *Slow rN++
                  | Dex+2}
  9709 | Lair:1   | You fall into a shaft and drop 1 floor!
  9862 | Lair:2   | Noticed a boulder beetle
  9887 | Lair:2   | Noticed a boulder beetle
  9906 | Lair:2   | Killed a boulder beetle
  9962 | Lair:2   | Reached **** piety under Okawaru
 10374 | Lair:1   | Noticed Nergalle
 10386 | Lair:1   | Killed Nergalle
 10666 | Lair:2   | Noticed Harold
 10783 | D:9      | Killed a two-headed ogre
 10817 | D:10     | Reached ***** piety under Okawaru
 10990 | D:10     | Identified the +6 quarterstaff "Qiatigeps" {heavy, rC+
                  | Str+6}
 11023 | D:10     | Found a basalt altar of Yredelemnul.
 11076 | D:10     | Found a staircase to the Orcish Mines.
 11389 | D:10     | Reached skill level 10 in Armour
 11403 | D:10     | Reached skill level 10 in Fighting
 11621 | D:10     | Found an ornate altar of the Wu Jian Council.
 11968 | D:10     | Reached skill level 10 in Shields
 12187 | D:11     | Noticed a boulder beetle
 12199 | D:11     | Killed a boulder beetle
 12571 | D:11     | Reached XP level 12. HP: 99/106 MP: 14/14
 12709 | D:11     | Reached skill level 10 in Maces & Flails
 12842 | D:11     | Noticed a two-headed ogre
 12848 | D:11     | Killed a two-headed ogre
 12849 | D:11     | Reached skill level 5 in Invocations
 12864 | D:11     | Noticed a two-headed ogre
 12871 | D:11     | Killed a two-headed ogre
 13107 | D:12     | Reached skill level 10 in Dodging
 13147 | D:12     | Identified the +2 pair of boots of Faosooca {rElec rPois
                  | Dex+3} (Okawaru gifted it to you on level 12 of the
                  | Dungeon)
 13147 | D:12     | Received a gift from Okawaru
 13312 | D:12     | Reached ****** piety under Okawaru
 13353 | D:12     | Mangled by a sun demon

Illustrated notes

Levels and vault maps discovered:
D:1:      dreamdust_arrival_beginning_and_end, layout_loops_cross,
          minmay_misc_feat_square, feat_on_display
D:2:      layout_loops_ring
D:3:      layout_rooms, elyvilon_altar_3, serial_curves, eino_curves_04,
          eino_curves_04, kennysheep_cross_room
D:4:      cheibrodos_greedy_goblins, layout_loops_ring,
          nicolae_overflow_crystal_walls
D:5:      layout_gridville, mainiacjoe_overflow_large_starburst,
          evilmike_ruin_ashenzari, minmay_temple_entry_sparse_star,
          serial_shops, nicolae_shop_tiny_real_fake_doors, lemuel_flamethrower_2
D:6:      layout_basic, mainiacjoe_overflow_cross_hatched, serial_shops, shop,
          uniq_blork_the_orc
D:7:      layout_cave_pools, grunt_temple_overflow_order_and_chaos_1,
          fedhas_altar_4, nicolae_vehumet_radiance, okawaru_altar_gauntlet_db,
          uniq_duvessa, uniq_maggie
D:8:      layout_basic, dk_noncrumbling_3
D:9:      layout_small_grid, erik_lair_orcish_takeover,
          guppyfry_early_elven_hall
D:10:     layout_stronghold, lemuel_mausoleum_altar_yredelemnul,
          nicolae_wu_jian_wuxing_cycle, david_orc_3, uniq_erolcha
D:11:     layout_long_grid
D:12:     layout_gridville, roderic_lattice_a
Temple:   hellmonk_temple_beads
Lair:1:   layout_roguey, uniq_nergalle
Lair:2:   layout_chaotic_city, grunt_megastairs_2, uniq_harold

Skill      XL: |  1  2  3  4  5  6  7  8  9 10 11 12 |
---------------+-------------------------------------+-----
Fighting       | 1 2 3 4 6 7 9 10 | 10.8
Armour         | 1 2 3 4 6 7 9 10 | 10.8
Translocations | 1 |  1.2
Shields        | 1 2 3 4 6 7 8 10 | 10.7
Dodging        | 3 4 6 7 8 9 10 | 10.2
Maces & Flails | 1 2 3 4 5 7 8 9 10 | 10.5
Invocations    | 2 4 5 |  5.6
Stealth        | |  1.5
Spellcasting   | |  2.1
Conjurations   | |  0.6
Summonings     | |  0.6

Action                     |  1- 3 |  4- 6 |  7- 9 | 10-12 || total
---------------------------+-------+-------+-------+-------++-------
  Melee: Dagger            |    82 |       |       |       ||    82
         Headbutt          |    19 |    16 |    45 |   109 ||   189
         Whip              |     6 |   156 |   281 |   525 ||   968
 Invoke: Heroism           |       |       |       |     2 ||     2
         Finesse           |       |       |       |     1 ||     1
  Evoke: Wand              |       |     3 |    11 |    28 ||    42
    Use: Scroll            |     5 |     8 |     6 |    10 ||    29
         Potion            |     2 |       |     3 |    11 ||    16
   Stab: Sleeping          |     3 |       |     3 |     5 ||    11
         Invisible         |       |       |     5 |       ||     5
         Paralysed         |       |       |       |    20 ||    20
 Armour: Robe              |     9 |       |    42 |    92 ||   143
         Ring mail         |    13 |       |       |       ||    13
         Scale mail        |     7 |       |       |       ||     7
         Plate armour      |       |   103 |    28 |       ||   131
  Dodge: Dodged            |    31 |    10 |    65 |   139 ||   245
  Block: Tower shield      |    38 |    96 |   205 |   424 ||   763
